 Dungeon Crawl Stone Soup version 0.29.1-1-gd02db6906a (webtiles) character file.

Game seed: 2132338937581990741

376 warriortoast the Conjurer (level 6, -1/32 HPs)
             Began as a Deep Elf Conjurer on Oct 11, 2022.
             Slain by Duvessa
             ... wielding a +0 short sword
              (3 damage)
             ... on level 4 of the Dungeon.
             The game lasted 00:09:15 (5317 turns).

warriortoast the Conjurer (Deep Elf Conjurer)       Turns: 5317, Time: 00:09:16

Health: -1/32      AC:  4    Str:  4    XL:     6   Next: 44%
Magic:  4/16       EV: 12    Int: 25    God:
Gold:   55         SH:  0    Dex: 13    Spells: 6/16 levels left

rFire   . . .      SeeInvis .   p - +1 dagger (holy)
rCold   . . .      Faith    .   (no shield)
rNeg    . . .      Spirit   .   a - +0 robe
rPois   .          Reflect  .   (no helmet)
rElec   .          Harm     .   r - +1 cloak
rCorr   .          Rampage  .   (no gloves)
Will    .....                   (no boots)
Stlth   ++........              (no amulet)
HPRegen 0.10/turn               (no ring)
MPRegen 0.15/turn               (no ring)

@: no status effects
A: no striking features
a: no special abilities


You were on level 4 of the Dungeon.
You visited 1 branch of the dungeon, and saw 4 of its levels.

You collected 136 gold pieces.
You spent 81 gold pieces at shops.

Inventory:

Hand Weapons
 p - a +1 dagger of holy wrath (weapon)
Armour
 a - a +0 robe (worn)
 j - a +0 buckler
 r - a +1 cloak (worn)
Jewellery
 g - an amulet of magic regeneration
Scrolls
 c - 3 scrolls of identify {unknown}
 o - a scroll of enchant armour
Potions
 b - a potion of magic
 e - a potion of invisibility {unknown}
 i - 2 potions of flight {unknown}
 l - a potion of ambrosia {unknown}
 n - 2 potions of heal wounds {unknown}
 q - a potion of berserk rage {unknown}
 s - a potion of lignification {unknown}
 t - 2 potions of curing {unknown}


   Skills:
 - Level 2.4 Dodging
 - Level 2.4 Stealth
 + Level 5.9 Spellcasting
 + Level 6.2 Conjurations
 + Level 3.4 Hexes
 - Level 2.0 Translocations


You had 6 spell levels left.
You knew the following spells:

 Your Spells              Type           Power      Damage    Failure   Level
a - Magic Dart            Conj           100%       1d8       1%          1
b - Blink                 Tloc           34%        N/A       4%          2
c - Dazzling Flash        Conj/Hex       62%        N/A       3%          3
d - Fulminant Prism       Conj/Hex       15%        3d11      10%         4

Your spell library contained the following spells:

 Spells                   Type           Power      Damage    Failure   Level
 Searing Ray              Conj           76%        2d7       1%          2
 Confusing Touch          Hex            24%        N/A       5%          3
 Tukima's Dance           Hex            24%        N/A       5%          3
 Portal Projectile        Hex/Tloc       42%        N/A       7%          3
 Beastly Appendage        Tmut           14%        N/A       8%          1
 Wereblood                Tmut           7%         N/A       12%         2
 Iskenderun's Mystic Bla  Conj/Tloc      28%        2d7       14%         4
 Spider Form              Tmut/Pois      7%         N/A       22%         3
 Animate Dead             Necr           7%         N/A       58%         4
 Manifold Assault         Tloc           17%        N/A       65%         5
 Yara's Violent Unravell  Hex/Tmut       8%         3d5       71%         5
 Blade Hands              Tmut           3%         N/A       91%         5
 Enfeeble                 Hex            12%        N/A       100%        7
 Haunt                    Necr/Summ      3%         N/A       100%        7
 Storm Form               Tmut/Air       3%         N/A       100%        7
 Infestation              Necr           3%         N/A       100%        8


Dungeon Overview and Level Annotations

Branches:
Dungeon (4/15)
 Temple: D:4-7

Altars:
Cheibriados
Xom

Shops:
D:1 *   D:4 *:=[

Annotations:
D:4 3 runed translucent doors, Arctor's ghost, amateur DrTm; Duvessa


Message History

You puncture Duvessa!
Duvessa is moderately wounded.
Duvessa barely misses you. Duvessa closely misses you.
You barely miss Duvessa.
Duvessa is moderately wounded.
You feel stable enough to blink again. Duvessa hits you with a +0 short sword!
You strike the helpless Duvessa from behind!
You hit Duvessa.
Duvessa is moderately wounded.
Duvessa hits you with a +0 short sword!
* * * LOW HITPOINT WARNING * * *
Duvessa hits you with a +0 short sword.
* * * LOW HITPOINT WARNING * * *
You hit Duvessa but do no damage.
Duvessa is moderately wounded.
Duvessa is no longer blind.
Duvessa completely misses you.
You hit Duvessa but do no damage.
Duvessa is moderately wounded.
Duvessa barely misses you. Duvessa hits you with a +0 short sword.
* * * LOW HITPOINT WARNING * * *
Casting: Dazzling Flash (dangerous; 3% risk of failure)
Confirm with . or Enter, or press ? or * to list all spells.
Casting: Dazzling Flash (dangerous; 3% risk of failure)
Press: ? - help, Dir - look around, f - activate Duvessa closely misses you.
Casting: Dazzling Flash (dangerous; 3% risk of failure)
Confirm with . or Enter, or press ? or * to list all spells.
Casting: Dazzling Flash (dangerous; 3% risk of failure)
Press: ? - help, Dir - look around, f - activate Duvessa is dazzled.
Duvessa closely misses you. Duvessa misses you.
You strike the helpless Duvessa from behind!
You hit Duvessa.
Duvessa is heavily wounded.
Duvessa closely misses you. Duvessa barely misses you.
You catch the helpless Duvessa completely off-guard!
You puncture Duvessa!
Duvessa is severely wounded.
Duvessa is no longer blind.
Duvessa hits you with a +0 short sword.
You die...

##.....# #..........#
#####.#######..........#
##..................#
#.............[.....#
#..........#.......##
#..........#######...
#...........# #.##
#.....).....######.#
#...@e.............#
########.....###.).##
###.#.##..#...
#.#.##..###. #.#.....#
#. #.#>.##e# #.
#.#.###.# #. #.#.#
#.###. # #.#.###.....


You could see Duvessa (berserk).

Vanquished Creatures
  An ogre (D:4)
  A scorpion (D:4)
  Dowan (D:4)
  A howler monkey (D:4)
  Robin (D:3)
  3 adders
  3 gnolls (D:4)
  An ufetubus (D:4)
  2 worms
  3 dart slugs
  An orc (D:3)
  5 bats
  6 endoplasms
  2 giant cockroaches
  12 goblins
  7 hobgoblins
  2 jackals (D:2)
  5 kobolds
  4 quokkas
  2 ball pythons
  A rat (D:1)
64 creatures vanquished.

Vanquished Creatures (others)
  3 withered plants (D:1)
3 creatures vanquished.

Grand Total: 67 creatures vanquished

Notes
Turn   | Place    | Note
-------+----------+-------------------------------------------
     0 | D:1      | warriortoast the Deep Elf Conjurer began the quest for the
                  | Orb.
     0 | D:1      | Reached XP level 1. HP: 10/10 MP: 6/6
   399 | D:1      | Reached XP level 2. HP: 15/15 MP: 5/8
   931 | D:1      | Found Tuiblud's General Store.
   997 | D:1      | Learned a level 2 spell: Blink
  1476 | D:2      | Reached XP level 3. HP: 19/19 MP: 5/10
  1486 | D:2      | Reached skill level 5 in Conjurations
  2254 | D:3      | Learned a level 3 spell: Dazzling Flash
  2328 | D:3      | Reached XP level 4. HP: 24/24 MP: 8/12
  2445 | D:3      | Found a snail-covered altar of Cheibriados.
  2677 | D:3      | Noticed Robin
  3111 | D:3      | Killed Robin
  3114 | D:3      | Reached skill level 1 in Hexes
  3422 | D:3      | Found a faded altar of an unknown god.
  3949 | D:4      | Found Hamuj's Book Shop.
  3955 | D:4      | Reached skill level 1 in Translocations
  3963 | D:4      | Reached skill level 5 in Spellcasting
  4043 | D:4      | Found Tenge's Armour Shop.
  4044 | D:4      | Found Iwyagot's Jewellery Shop.
  4050 | D:4      | Found Xuvagh's Assorted Antiques.
  4060 | D:4      | Bought a grey potion for 27 gold pieces
  4060 | D:4      | Bought a brown potion for 27 gold pieces
  4060 | D:4      | Bought a brown potion for 27 gold pieces
  4119 | D:4      | Found a shimmering altar of Xom.
  4161 | D:4      | Noticed a scorpion
  4167 | D:4      | Found a runed translucent gate.
  4167 | D:4      | Found a runed translucent gate.
  4168 | D:4      | Found a runed translucent gate.
  4171 | D:4      | Noticed Arctor's ghost (amateur DrTm)
  4173 | D:4      | Noticed a centaur
  4177 | D:4      | Noticed an ogre
  4196 | D:4      | Reached XP level 5. HP: 28/28 MP: 9/14
  4560 | D:4      | Noticed an ogre
  4570 | D:4      | Learned a level 4 spell: Fulminant Prism
  4735 | D:4      | Noticed Dowan
  4735 | D:4      | Noticed Duvessa
  4829 | D:4      | Killed Dowan
  4830 | D:4      | Reached skill level 6 in Conjurations
  4830 | D:4      | Reached XP level 6. HP: 32/32 MP: 9/16
  5312 | D:4      | HP: 1/32 [Duvessa/+0 short sword (2)]
  5317 | D:4      | Slain by Duvessa

Illustrated notes

Levels and vault maps discovered:
D:1:      spicycebolla_arrival_clurvy, layout_loops_ring, serial_shops, shop
D:2:      layout_basic
D:3:      layout_loops_ring, cheibrodos_worm_habitat,
          shapermc_ecumenical_altar_totnotflames, roderic_lattice_a, uniq_robin
D:4:      layout_basic, kennysheep_mini_moat, gammafunk_ghost_split,
          kennysheep_another_room, minmay_shop_grid_forest, uniq_duvessa

Skill      XL: |  1  2  3  4  5  6 |
---------------+-------------------+-----
Spellcasting   | 4 5 |  5.9
Conjurations   | 5 6 |  6.2
Hexes          | 1 2 3 |  3.4
Translocations | 1 2 |  2.0
Dodging        | |  2.4
Stealth        | |  2.4

Action                   |  1- 3 |  4- 6 || total
-------------------------+-------+-------++-------
Melee: Unarmed           |     2 |       ||     2
       Dagger            |       |     8 ||     8
 Cast: Magic Dart        |    77 |    82 ||   159
       Dazzling Flash    |       |     3 ||     3
       Blink             |       |     1 ||     1
  Use: Scroll            |       |     7 ||     7
 Stab: Invisible         |       |     4 ||     4
Armor: Robe              |       |     1 ||     1
Dodge: Dodged            |     4 |    29 ||    33
